 Dungeon Crawl Stone Soup version 0.19-a0-1655-gdd95918 (webtiles) character file.

12212 DeloreanTremens the Basher (level 11, -10/111 HPs)
             Began as a Troll Berserker on Sept 21, 2016.
             Was a High Priest of Trog.
             Mangled by Snorg (16 damage)
             ... on level 4 of the Lair of Beasts.
             The game lasted 01:12:00 (10949 turns).

DeloreanTremens the Basher (Troll Berserker)       Turns: 10949, Time: 01:12:01

Health: -10/111    AC:  7    Str: 27    XL:     11   Next: 59%
Magic:  0/10       EV: 12    Int:  3    God:    Trog [*****.]
Gold:   645        SH:  0    Dex: 12    Spells: 0 memorised, 10 levels left

rFire  + . .     SeeInvis +     m - +1 giant spiked club
rCold  . . .     Gourm    +     s - +2 robe {rF+}
rNeg   . . .     Faith    .     (shield currently unavailable)
rPois  .         Spirit   +     (helmet restricted)
rElec  .         Dismiss  .     (no cloak)
rCorr  .         Reflect  .     (gloves unavailable)
MR     .....     Harm     .     (boots unavailable)
Stlth  +.........               u - amulet of guardian spirit
                                (no ring)
                                f - ring of see invisible

@: lethally poisoned (-10 -> -10), exhausted, about to teleport, slowed, very
slow
A: unfitting armour, claws 3, fast metabolism 3, gourmand, regeneration 1,
shaggy fur 1, tough skin 2
a: Berserk, Trog's Hand, Brothers in Arms, Burn Spellbooks, Renounce Religion


You were on level 4 of the Lair of Beasts.
You worshipped Trog.
Trog was extremely pleased with you.
You were full.

You visited 3 branches of the dungeon, and saw 13 of its levels.
You also visited: Sewer.

You collected 645 gold pieces.

Inventory:

Hand Weapons
 m - a +1 giant spiked club (weapon)
Missiles
 j - 3 throwing nets
 S - 3 large rocks (quivered)
Armour
 b - a +0 animal skin
 l - a +2 robe of positive energy
 s - a +2 robe of fire resistance (worn)
 v - a +2 robe of fire resistance
 O - a +2 large shield
Jewellery
 a - an uncursed ring of ice
 f - a ring of see invisible (left claw)
 o - an uncursed amulet of dismissal {unknown}
 p - a cursed ring of teleportation {unknown}
 u - an amulet of guardian spirit (around neck)
 G - an uncursed ring of wizardry {unknown}
 H - a +3 amulet of reflection {unknown}
 J - an uncursed ring of resist corrosion {unknown}
 L - an uncursed ring of flight
 N - an uncursed ring of positive energy {unknown}
Wands
 n - a wand of lightning (8/15)
 B - a wand of digging (12/24)
 D - a wand of confusion (33/48)
Scrolls
 e - 3 scrolls of identify
 r - a scroll of fog {unknown}
 t - a scroll of recharging {unknown}
 y - 2 scrolls of magic mapping
 I - a scroll of fear {unknown}
 K - a scroll of holy word {unknown}
 M - a scroll of enchant armour {unknown}
 P - a scroll of summoning
 Q - a scroll of remove curse
 R - a scroll of enchant weapon
 T - a scroll of brand weapon {unknown}
Potions
 d - 3 potions of brilliance
 g - a potion of resistance {unknown}
 h - 3 potions of curing
 w - 2 potions of flight
 z - a potion of agility {unknown}
 A - 3 potions of might
 C - a potion of invisibility {unknown}
 F - 2 potions of degeneration {unknown}
Books
 x - a book of Battle

   Spells                             Type                      Level
   a - Infusion                       Charms                       1
   b - Shroud of Golubria             Charms/Translocation         2
   c - Song of Slaying                Charms                       2
   d - Spectral Weapon                Hexes/Charms                 3
   e - Regeneration                   Charms/Necromancy            3
   Trog disapproves of the use of such an item.
Comestibles
 c - 12 bread rations
 k - 4 beef jerkies
 q - 6 meat rations


   Skills:
 - Level 8.2 Fighting
 + Level 12.5 Maces & Flails
 * Level 4.6 Armour
 + Level 5.2 Dodging
 - Level 3.6 Unarmed Combat


You had 10 spell levels left.
You didn't know any spells.

Dungeon Overview and Level Annotations

Branches:
Dungeon (8/15)             Temple (1/1) D:5            Lair (4/6) D:8
 Spider (0/4) Lair:2
  Swamp: Lair:2-4    Shoals: Lair:2-4

Altars:
Ashenzari
Cheibriados
Elyvilon
Fedhas
Gozag
Hepliaklqana
Kikubaaqudgha
Makhleb
Nemelex Xobeh
Okawaru
Qazlal
Ru
Sif Muna
Trog
Uskayaw
Vehumet
Xom
Yredelemnul
Zin
The Shining One

Shops:
D:6 (

Annotations:
Lair:4 Snorg


Innate Abilities, Weirdness & Mutations

You are too large for most types of armour.
You have claws for hands.
Your metabolism is lightning-fast.
You like to eat raw meat.
Your natural rate of healing is unusually fast.
You are covered in fur. (AC +1)
You have very tough skin. (AC +2)


Message History

The blink frog hits you!
The blink frog blinks!
Snorg barely misses you. Snorg claws you but does no damage. Snorg claws you!
You feel sick. The blink frog misses you. The blink frog closely misses you.
Snorg goes berserk!
The blink frog hits you.
You feel sick.
Snorg rages.
Snorg bites you! Snorg claws you! Snorg claws you.
* * * LOW HITPOINT WARNING * * *
Things that are here:
a blink frog corpse; a water moccasin corpse x2
The blink frog blinks!
Snorg bites you!
* * * LOW HITPOINT WARNING * * *
Snorg claws you!
* * * LOW HITPOINT WARNING * * *
Snorg closely misses you.
The blink frog blinks!
As you read the scroll of teleportation, it crumbles to dust.
You feel strangely unstable.
You feel sick. Snorg bites you!
* * * LOW HITPOINT WARNING * * *
Snorg closely misses you. Snorg claws you but does no damage. Snorg bites you!
You die...

##...............
#...........(....
#.............###
##...(......#.# #
##..........##
#..........#
######(........P#
###.##P..........##
#ยง.FT@...........#
##..F###..........#
#....#
##+#..#.....#
##.#F# ....###...#
#..... .....# .....
#..[...##.....#
....##
#.#.........8..#
....# ####..8..#
#......


You could see Snorg (berserk) and 2 blink frogs.

Vanquished Creatures
  2 hydras
  The ghost of LogicNinja the Nimble, a novice DsGl of Cheibriados (D:8)
  Pikel (D:6)
  Joseph (D:8)
  A black mamba (Lair:3)
  3 spiny frogs
  2 komodo dragons
  3 hippogriffs
  2 blink frogs (Lair:4)
  Sigmund (D:3)
  A spriggan (D:7)
  4 yaks
  A basilisk (Lair:2)
  Edmund (D:4)
  Duvessa (D:4)
  7 water moccasins
  3 porcupines
  A sky beast (D:5)
  An orc warrior (D:7)
  3 ice beasts
  3 ogres
  A slave (D:6)
  The ghost of trice1212 the Shooter, an amateur MiHu of Fedhas (D:4)
  2 phantoms
  3 centaurs
  6 crocodiles
  7 bullfrogs
  4 big kobolds
  Blork the orc (D:4)
  Dowan (D:4)
  A scorpion (D:8)
  4 killer bees (D:8)
  3 electric eels
  A lava snake (Lair:2)
  2 crimson imps
  5 orc priests
  A bullfrog zombie (D:6)
  3 bullfrog skeletons
  A centaur skeleton (D:6)
  A hound (D:8)
  A hell rat (D:8)
  4 iguanas
  3 orc wizards
  4 worker ants
  A hound zombie (D:7)
  A worker ant zombie (D:5)
  2 howler monkey skeletons (D:8)
  49 river rats
  7 adders
  10 gnolls
  A shadow imp (D:8)
  2 oozes
  3 worms
  4 dart slugs
  4 leopard geckos
  25 orcs
  5 bats
  6 giant cockroaches
  6 goblins
  6 hobgoblins
  5 jackals
  2 quokkas
  6 ball pythons
  2 frilled lizards (D:4)
  17 kobolds
  A quokka zombie (D:5)
  7 rats
  A fungus (Lair:1)
276 creatures vanquished.

Vanquished Creatures (collateral kills)
  A hydra (Lair:4)
  A porcupine (Lair:4)
2 creatures vanquished.

Vanquished Creatures (others)
  A black bear (D:6)
  An orc warrior (D:7)
  2 orcs (D:7)
  A fungus (Lair:2)
5 creatures vanquished.

Grand Total: 283 creatures vanquished

Notes
Turn   | Place    | Note
-------+----------+-------------------------------------------
     0 | D:1      | DeloreanTremens the Troll Berserker began the quest for the Orb.
     0 | D:1      | Reached XP level 1. HP: 22/22 MP: 0/0
    96 | D:1      | Reached skill level 3 in Maces & Flails
   220 | D:1      | Reached XP level 2. HP: 28/29 MP: 1/1
   786 | D:2      | Found a faded altar of an unknown god.
   828 | D:2      | Reached XP level 3. HP: 24/36 MP: 2/2
  1085 | D:3      | Found an ancient bone altar of Kikubaaqudgha.
  1103 | D:3      | Reached ** piety under Trog
  1371 | D:3      | Reached XP level 4. HP: 43/44 MP: 3/3
  1404 | D:3      | Noticed Sigmund
  1414 | D:3      | Killed Sigmund
  1414 | D:3      | Reached skill level 4 in Maces & Flails
  1414 | D:3      | Reached XP level 5. HP: 53/53 MP: 4/4
  1771 | D:4      | Noticed trice1212's ghost (amateur MiHu)
  1778 | D:4      | Noticed Duvessa
  1782 | D:4      | Noticed Blork the orc
  1783 | D:4      | Killed trice1212's ghost
  1783 | D:4      | Reached skill level 1 in Unarmed Combat
  1783 | D:4      | Reached XP level 6. HP: 61/61 MP: 5/5
  1792 | D:4      | Killed Duvessa
  1792 | D:4      | Reached skill level 5 in Maces & Flails
  1798 | D:4      | Noticed Dowan
  1798 | D:4      | Killed Blork the orc
  1896 | D:4      | Killed Dowan
  1896 | D:4      | Reached XP level 7. HP: 53/68 MP: 6/6
  2071 | D:4      | Noticed Edmund
  2086 | D:4      | Killed Edmund
  2185 | D:4      | Found a snail-covered altar of Cheibriados.
  2237 | D:4      | Found a basalt altar of Yredelemnul.
  2431 | D:4      | Reached skill level 6 in Maces & Flails
  2660 | D:5      | Entered Level 5 of the Dungeon
  2660 | D:5      | Found a staircase to the Ecumenical Temple.
  2729 | Temple   | Entered the Ecumenical Temple
  2801 | D:5      | Reached XP level 8. HP: 35/79 MP: 3/7
  2912 | D:5      | Reached skill level 7 in Maces & Flails
  2985 | D:5      | Reached skill level 5 in Fighting
  3101 | D:5      | Reached *** piety under Trog
  3135 | D:5      | Found a glowing drain.
  3148 | Sewer    | Entered a sewer
  3446 | Sewer    | Reached skill level 8 in Maces & Flails
  4011 | D:6      | Reached **** piety under Trog
  4102 | D:6      | Found an iron altar of Okawaru.
  4276 | D:6      | Noticed Pikel
  4296 | D:6      | Killed Pikel
  4296 | D:6      | Reached skill level 9 in Maces & Flails
  4296 | D:6      | Reached XP level 9. HP: 89/89 MP: 8/8
  4361 | D:6      | Found Beemopag's Antique Weapon Shoppe.
  5456 | D:7      | Reached skill level 10 in Maces & Flails
  5737 | D:7      | Received a gift from Trog
  6255 | D:8      | Noticed LogicNinja's ghost (novice DsGl)
  6270 | D:8      | Noticed Joseph
  6271 | D:8      | Killed LogicNinja's ghost
  6271 | D:8      | Reached XP level 10. HP: 102/102 MP: 6/9
  6295 | D:8      | Found a staircase to the Lair.
  6303 | D:8      | HP: 4/102 [river rat (3)]
  6310 | D:8      | HP: 5/102 [river rat (2)]
  7092 | D:8      | Killed Joseph
  7092 | D:8      | Reached skill level 11 in Maces & Flails
  7357 | Lair:1   | Entered Level 1 of the Lair of Beasts
  7363 | Lair:1   | HP: 1/102 [yak (10)]
  8214 | Lair:1   | Noticed a spiny frog
  8221 | Lair:1   | Killed a spiny frog
  8420 | Lair:2   | Reached skill level 1 in Armour
  8582 | Lair:2   | Noticed an eight-headed hydra
  8588 | Lair:2   | Killed an eight-headed hydra
  8588 | Lair:2   | Reached skill level 12 in Maces & Flails
  8633 | Lair:2   | Reached ***** piety under Trog
  8658 | Lair:2   | HP: 3/104 [river rat (7)]
  8665 | Lair:2   | HP: 4/104 [river rat (4)]
  8813 | Lair:2   | Reached XP level 11. HP: 107/111 MP: 8/10
  8823 | Lair:2   | Found a hole to the Spider Nest.
 10288 | Lair:3   | Noticed a six-headed hydra
 10290 | Lair:3   | Killed a six-headed hydra
 10861 | Lair:4   | Reached skill level 5 in Dodging
 10871 | Lair:4   | Noticed a four-headed hydra
 10880 | Lair:4   | Killed a four-headed hydra
 10941 | Lair:4   | Noticed Snorg
 10949 | Lair:4   | Mangled by Snorg

Vault maps used:
D:1:      dpeg_arrival_lava_temple_mockup, serial_glass, glass_columns_c,
          glass_columns_a
D:2:      ecumenical_altar_2
D:3:      kiku_gazebo_pond_becter, uniq_sigmund
D:4:      overflow_temple_1_default, old_standard_altar, first_bread,
          uniq_blork_the_orc, uniq_edmund, uniq_duvessa
D:5:      portal_sewer_entry_e
D:6:      nicolae_overflow_crystal_walls, serial_shops, shop, uniq_pikel
D:7:      the_bakery, minivault_14
D:8:      dpeg_lair_monsters, uniq_joseph
Temple:   nicolae_temple_x_marks_the_god
Lair:1:   nicolae_volcano_entry_s_turn
Lair:2:   spider_nest_entry_web_field, serial_bayou_pond_c, minivault_23
Lair:3:   infiniplex_staircase_pool
Lair:4:   minmay_swamp_entry_reptiles, lab_entry_generic, grunt_megastairs_3,
          uniq_snorg
Sewer:    kennysheep_pipe_town

Skill      XL: |  1  2  3  4  5  6  7  8  9 10 11 |
---------------+----------------------------------+-----
Maces & Flails | 3 4 5 6 9 10 12 | 12.5
Fighting       | 3 4 5 7 8 |  8.2
Dodging        | 3 4 5 |  5.2
Unarmed Combat | 1 2 3 |  3.6
Armour         | 1 4 |  4.6

Action                   |  1- 3 |  4- 6 |  7- 9 | 10-12 || total
-------------------------+-------+-------+-------+-------++-------
Melee: Mace              |    53 |       |       |       ||    53
       Unarmed           |    43 |    45 |   440 |    64 ||   592
       Punch             |       |       |     7 |     2 ||     9
       Giant spiked club |       |       |       |   320 ||   320
Throw: Large rock        |       |       |       |     8 ||     8
Invok: Berserk           |       |     2 |     8 |     6 ||    16
       Brothers in Arms  |       |       |       |     2 ||     2
  Use: Scroll            |       |       |    11 |     7 ||    18
       Potion            |       |       |     6 |     5 ||    11
 Stab: Sleeping          |       |       |     2 |     2 ||     4
  Eat: Chunk             |    16 |     6 |    51 |    44 ||   117
       Bread ration      |       |       |       |     1 ||     1
       Pizza             |       |       |       |     1 ||     1
Armor: Animal skin       |    37 |     7 |     3 |       ||    47
       Robe              |       |       |   106 |    96 ||   202
Dodge: Dodged            |    54 |    19 |   222 |   255 ||   550
